Match 20610880
Unlisted

Match 20610880
End
Construct Infanterie Kompanie
Selects Luftwaffe Battlegroup
Selects Luftwaffe Pioneer Support
Fallschirmpioneer Squad Paradrop
Kettenkrad Recon Vehicle
Fallschirmpioneer Squad Paradrop
GrW 34 Mortar Team
Medical Station
Fallschirmpioneer Squad Paradrop
MG 42 Machine Gun Team
Construct Panzergrenadier Kompanie
251 Medium Carrier
Selects Luftwaffe Combat Group
Pak 40 Anti-tank Gun Team
Pak 40 Anti-tank Gun Team
Construct Panzer Kompanie
Panzer IV Medium Tank
Panzergrenadier Squad
Stoßtruppen Squad
Side Skirts
Selects Infantry Reserves
Valdai
KameloT
SneaKerz
gb_gbg
0
0

Comments sign in to comment!

No comments posted yet!